 Dungeon Crawl Stone Soup version 0.31-a0-157-g0643eb4156 (webtiles) character file.

Game seed: 12880868369309948632

1642 qw the Skirmisher (level 8, -1/78 HPs)
             Began as a Naga Hunter on June 12, 2023.
             Was an Initiate of Okawaru.
             Slain by a steam dragon (7 damage)
             ... on level 7 of the Dungeon.
             The game lasted 00:02:06 (7086 turns).

qw the Skirmisher (Naga Hunter)                     Turns: 7086, Time: 00:02:06

Health: -1/78      AC:  4    Str: 11    XL:     8   Next: 99%
Magic:  7/7        EV: 10    Int: 10    God:    Okawaru [......]
Gold:   267        SH:  0    Dex: 17    Spells: 7/7 levels left

rFire   . . .        f - +0 orcbow
rCold   . . .        (shield currently unavailable)
rNeg    . . .        c - +0 leather armour
rPois   +            (helmet restricted)
rElec   .            (no cloak)
rCorr   .            (no gloves)
SInv    +            (no barding)
Will    +....        (no amulet)
Stlth   ++           (no ring)
HPRegen 0.33/turn    (no ring)
MPRegen 0.10/turn

%: no passive effects
@: lethally poisoned (-1 -> -3), short of breath, very slow
A: AC +2, large, see invisible, deformed body, poison resistance, slowness 2,
spit poison 1, naga tail 1, horns 1, low MP 1, weak 1, devolution 1
a: Spit Poison, Renounce Religion


You were on level 7 of the Dungeon.
You worshipped Okawaru.
Okawaru was noncommittal.
You visited 1 branch of the dungeon, and saw 7 of its levels.

You collected 267 gold pieces.


Innate Abilities, Weirdness & Mutations

Your serpentine skin is tough. (AC +2)
You have supernaturally acute eyesight. (SInv)
Armour fits poorly on your strangely shaped body.
Your system is resistant to poisons. (rPois)
You cover ground very slowly.
You can spit poison.
You have a snake-like lower body.
You have a pair of small horns on your head.
Your magical capacity is low. (-10% MP)
You are weak. (Str -2)
You have hidden genetic defects.


   Skills:
 - Level 6.5 Fighting
 - Level 9.1 Ranged Weapons
 + Level 2.0 Dodging
 - Level 1.5 Stealth


You had 7 spell levels left.
You didn't know any spells.
Your spell library was empty.

Inventory:

Hand Weapons
 f - a +0 orcbow (weapon)
Armour
 c - a +0 leather armour (worn)
Scrolls
 a - a scroll of enchant weapon {unknown}
 k - a scroll of identify
Potions
 b - a potion of ambrosia {unknown}
 d - a potion of might
 e - a potion of mutation
 h - 6 potions of curing

Dungeon Overview and Level Annotations

Branches:
Dungeon (7/15)
 Temple: D:4-7

Altars:
Fedhas
Kikubaaqudgha
Okawaru
Qazlal
Sif Muna
Wu Jian
Xom
The Shining One


Message History

A steam dragon comes into view.
You shoot an arrow. The steam dragon hisses angrily.
The arrow hits the hornet.
The hornet is moderately wounded.
You shoot an arrow. The arrow closely misses the hornet.
The arrow closely misses the steam dragon.
You shoot an arrow. The arrow closely misses the hornet.
The arrow hits the steam dragon but does no damage.
The hornet stings you!
You are poisoned.
The hornet stings you!
You feel yourself slow down.
You shoot an arrow. The arrow closely misses the hornet.
The arrow hits the steam dragon!
The steam dragon is moderately wounded.
You have got your breath back.
You feel very sick.
The hornet looks more healthy.
The hornet stings you! The hornet stings you.
7084 ||| INVOKING Spit Poison.
Aiming: Spit Poison (1% risk of failure)
Press: ? - help, Shift-Dir - straight line, f/p - hornet The splash of poison hits the hornet!!
The hornet is almost dead.
You feel yourself speed up.
You feel very sick. The hornet closely misses you. The hornet stings you.
You feel yourself slow down. The hornet stings you!
You shoot an arrow. The arrow hits the hornet.
You kill the hornet!
Okawaru is honoured by your kill.
You feel sick. The steam dragon breathes steam at you.
The ball of steam misses you.
Your Fighting skill increases to level 6!
You shoot an arrow. The arrow hits the steam dragon!
The steam dragon is heavily wounded.
You are engulfed in a cloud of scalding steam.
You feel yourself speed up.
You feel sick. The steam dragon bites you!
You die...

........ ... .......#
.... ......
....####....
...........
..........######### ###
#.........#...#¤¤¤#...#
#...........}..¤¤¤..}.#
#.......###.(.#.@.#...#
.##.......######D## ###
..#..?....# ...#
.....####.# ..}...
.###..##..# .#...#..
####.....## ####.#####
###......# ...
........?# .}.
..........#


You could see a steam dragon (catching breath).

Vanquished Creatures
  A hornet (D:7)
  A water moccasin (D:5)
  A black bear (D:6)
  An ogre (D:4)
  3 centaurs
  A phantom (D:5)
  A kobold brigand (D:6)
  2 bullfrogs (D:6)
  A scorpion (D:5)
  2 jellies
  2 hounds
  3 orc priests
  2 iguanas
  2 sleepcaps
  4 orc wizards
  6 adders
  A shadow imp (D:5)
  2 white imps (D:5)
  3 dart slugs
  5 orcs
  5 bats
  10 endoplasms
  2 giant cockroaches
  7 goblins
  6 hobgoblins
  6 jackals (D:1)
  14 kobolds
  6 quokkas
  4 ball pythons
  3 frilled lizards
  5 rats
112 creatures vanquished.

Notes
Turn   | Place    | Note
-------+----------+-------------------------------------------
     0 | D:1      | qw the Naga Hunter began the quest for the Orb.
     0 | D:1      | Reached XP level 1. HP: 19/19 MP: 1/1
     0 | D:1      | 0 ||| qw: Version: 0.2-a-29-gc1b59c4
     0 | D:1      | 0 ||| qw: Game counter: 4127
     0 | D:1      | 0 ||| qw: Always use a shield: true
     0 | D:1      | 0 ||| qw: God list: Okawaru
     0 | D:1      | 0 ||| qw: Allow faded altars: false
     0 | D:1      | 0 ||| qw: Do Orc after D:15 true
     0 | D:1      | 0 ||| qw: Do second Lair branch before Depths: true
     0 | D:1      | 0 ||| qw: Lair rune preference: random
     0 | D:1      | 0 ||| qw: Plans: Normal
     0 | D:1      | 0 ||| PLANNING D:1-11
   238 | D:1      | 238 ||| INVOKING Spit Poison.
   255 | D:1      | 255 ||| INVOKING Spit Poison.
   344 | D:1      | 344 ||| INVOKING Spit Poison.
   396 | D:1      | 396 ||| INVOKING Spit Poison.
   397 | D:1      | Reached skill level 4 in Ranged Weapons
   397 | D:1      | Reached XP level 2. HP: 26/26 MP: 2/2
   402 | D:1      | 402 ||| INVOKING Spit Poison.
   403 | D:1      | 403 ||| Stepping ~*~*~tactically~*~*~ (outnumbered).
   406 | D:1      | 406 ||| INVOKING Spit Poison.
   411 | D:1      | 411 ||| INVOKING Spit Poison.
   412 | D:1      | 412 ||| INVOKING Spit Poison.
   418 | D:1      | 418 ||| INVOKING Spit Poison.
   539 | D:1      | 539 ||| INVOKING Spit Poison.
   542 | D:1      | 542 ||| INVOKING Spit Poison.
   549 | D:1      | 549 ||| INVOKING Spit Poison.
   551 | D:1      | Reached XP level 3. HP: 20/32 MP: 3/3
   552 | D:1      | 552 ||| INVOKING Spit Poison.
   725 | D:1      | 725 ||| INVOKING Spit Poison.
   756 | D:1      | 756 ||| INVOKING Spit Poison.
   762 | D:1      | 762 ||| INVOKING Spit Poison.
   802 | D:1      | 802 ||| READING scroll labelled NOLELE MOGRUOR.
   803 | D:1      | 803 ||| READING scroll labelled PUBOCO SAVVIT.
   804 | D:1      | 804 ||| READING scroll labelled GOSIPE DIKHLODE.
   805 | D:1      | 805 ||| DRINKING 2 metallic black potions.
   806 | D:1      | 806 ||| DROPPING scroll of butterflies.
   875 | D:2      | 875 ||| INVOKING Spit Poison.
   881 | D:2      | 881 ||| INVOKING Spit Poison.
   885 | D:2      | 885 ||| INVOKING Spit Poison.
  1119 | D:2      | 1119 ||| INVOKING Spit Poison.
  1241 | D:2      | 1241 ||| INVOKING Spit Poison.
  1327 | D:2      | 1327 ||| INVOKING Spit Poison.
  1331 | D:2      | 1331 ||| INVOKING Spit Poison.
  1332 | D:2      | 1332 ||| INVOKING Spit Poison.
  1589 | D:2      | 1589 ||| DROPPING ring of wizardry.
  1590 | D:2      | 1590 ||| READING scroll labelled ICARHA SUIPS.
  1595 | D:2      | 1595 ||| READING scroll labelled YSIVOTTEUD.
  1596 | D:2      | 1596 ||| READING scroll labelled GIUTYMP GUNE.
  1597 | D:2      | 1597 ||| READING scroll labelled ZIESIT NACO.
  1660 | D:3      | 1660 ||| INVOKING Spit Poison.
  1664 | D:3      | 1664 ||| INVOKING Spit Poison.
  1711 | D:3      | 1711 ||| INVOKING Spit Poison.
  1788 | D:3      | Found a stormy altar of Qazlal.
  1831 | D:3      | 1831 ||| INVOKING Spit Poison.
  1858 | D:3      | Found an ancient bone altar of Kikubaaqudgha.
  1887 | D:3      | 1887 ||| INVOKING Spit Poison.
  1911 | D:3      | 1911 ||| INVOKING Spit Poison.
  1917 | D:3      | 1917 ||| DRINKING 2 pink potions.
  1918 | D:3      | 1918 ||| DROPPING potion of magic.
  1940 | D:3      | 1940 ||| INVOKING Spit Poison.
  1943 | D:3      | Reached skill level 5 in Ranged Weapons
  1943 | D:3      | Reached XP level 4. HP: 39/39 MP: 4/4
  1945 | D:3      | 1945 ||| INVOKING Spit Poison.
  1946 | D:3      | 1946 ||| INVOKING Spit Poison.
  2014 | D:3      | 2014 ||| INVOKING Spit Poison.
  2023 | D:3      | 2023 ||| DRINKING 2 murky puce potions.
  2024 | D:3      | 2024 ||| DROPPING potion of enlightenment.
  2118 | D:3      | 2118 ||| INVOKING Spit Poison.
  2123 | D:3      | 2123 ||| INVOKING Spit Poison.
  2128 | D:3      | HP: 6/40 [orc priest/+0 club (5)]
  2130 | D:3      | 2130 ||| INVOKING Spit Poison.
  2132 | D:3      | Reached skill level 3 in Fighting
  2132 | D:3      | Reached XP level 5. HP: 5/49 MP: 5/5
  2408 | D:3      | 2408 ||| INVOKING Spit Poison.
  2675 | D:4      | 2675 ||| INVOKING Spit Poison.
  2680 | D:4      | 2680 ||| STAIRDANCE
  2715 | D:4      | 2715 ||| STAIRDANCE
  2717 | D:3      | 2717 ||| INVOKING Spit Poison.
  2719 | D:3      | HP: 9/49 [kobold/+0 short sword (5)]
  2720 | D:3      | 2720 ||| READING scroll of teleportation.
  2722 | D:3      | HP: 2/49 [acid (7)]
  2989 | D:4      | Noticed an ogre
  2990 | D:4      | 2990 ||| INVOKING Spit Poison.
  2995 | D:4      | Killed an ogre
  2996 | D:4      | Reached skill level 6 in Ranged Weapons
  2996 | D:4      | Reached XP level 6. HP: 25/56 MP: 6/6
  2998 | D:4      | 2998 ||| INVOKING Spit Poison.
  3001 | D:4      | 3001 ||| INVOKING Spit Poison.
  3015 | D:4      | 3015 ||| INVOKING Spit Poison.
  3118 | D:4      | 3118 ||| INVOKING Spit Poison.
  3122 | D:4      | 3122 ||| INVOKING Spit Poison.
  3128 | D:4      | 3128 ||| INVOKING Spit Poison.
  3215 | D:4      | 3215 ||| INVOKING Spit Poison.
  3260 | D:4      | 3260 ||| INVOKING Spit Poison.
  3276 | D:4      | 3276 ||| INVOKING Spit Poison.
  3290 | D:4      | 3290 ||| INVOKING Spit Poison.
  3486 | D:4      | 3486 ||| INVOKING Spit Poison.
  3491 | D:4      | 3491 ||| INVOKING Spit Poison.
  3576 | D:4      | 3576 ||| INVOKING Spit Poison.
  3650 | D:4      | 3650 ||| INVOKING Spit Poison.
  3668 | D:4      | 3668 ||| INVOKING Spit Poison.
  3793 | D:4      | 3793 ||| INVOKING Spit Poison.
  3881 | D:4      | 3881 ||| UPGRADING to +1 helmet.
  3886 | D:4      | 3886 ||| DROPPING ring of flight.
  3887 | D:4      | 3887 ||| READING scroll labelled SERIEV HARUGUITU.
  3888 | D:4      | 3888 ||| DRINKING 2 black potions.
  3889 | D:4      | 3889 ||| DRINKING 2 clear potions.
  3890 | D:4      | 3890 ||| DROPPING potion of brilliance.
  3925 | D:5      | Entered Level 5 of the Dungeon
  3928 | D:5      | 3928 ||| STAIRDANCE
  3971 | D:5      | 3971 ||| STAIRDANCE
  4019 | D:5      | 4019 ||| STAIRDANCE
  4052 | D:5      | 4052 ||| STAIRDANCE
  4105 | D:5      | 4105 ||| INVOKING Spit Poison.
  4106 | D:5      | 4106 ||| INVOKING Spit Poison.
  4108 | D:5      | HP: 10/57 [centaur/arrow (7)]
  4109 | D:5      | 4109 ||| READING scroll of teleportation.
  4109 | D:5      | HP: 4/57 [centaur/arrow (6)]
  4110 | D:5      | 4110 ||| INVOKING Spit Poison.
  4112 | D:5      | Reached XP level 7. HP: 3/64 MP: 7/7
  4354 | D:5      | Found a shimmering blue altar of Sif Muna.
  4372 | D:5      | 4372 ||| INVOKING Spit Poison.
  4378 | D:5      | 4378 ||| INVOKING Spit Poison.
  4409 | D:5      | 4409 ||| INVOKING Spit Poison.
  4412 | D:5      | 4412 ||| INVOKING Spit Poison.
  4496 | D:5      | HP: 16/64 [water moccasin (2)]
  4498 | D:5      | Reached skill level 7 in Ranged Weapons
  4500 | D:5      | HP: 6/64 [poisoned by a water moccasin]
  4505 | D:5      | HP: 2/64 [poisoned by a water moccasin]
  4791 | D:5      | Found a glowing golden altar of the Shining One.
  4887 | D:5      | 4887 ||| INVOKING Spit Poison.
  4895 | D:5      | Found a shimmering altar of Xom.
  4902 | D:5      | Found a shimmering altar of Xom.
  4903 | D:5      | Found a shimmering altar of Xom.
  4907 | D:5      | 4907 ||| INVOKING Spit Poison.
  4914 | D:5      | 4914 ||| INVOKING Spit Poison.
  4924 | D:5      | 4924 ||| INVOKING Spit Poison.
  5095 | D:5      | Reached skill level 8 in Ranged Weapons
  5095 | D:5      | Reached XP level 8. HP: 56/72 MP: 8/8
  5095 | D:5      | 5095 ||| INVOKING Spit Poison.
  5098 | D:5      | 5098 ||| INVOKING Spit Poison.
  5107 | D:5      | 5107 ||| INVOKING Spit Poison.
  5385 | D:5      | 5385 ||| INVOKING Spit Poison.
  5615 | D:5      | 5615 ||| READING scroll labelled PUQ ZIESMIPSAFEFI.
  5723 | D:5      | 5723 ||| READING scroll labelled CUISHR KEAFREV.
  5724 | D:5      | 5724 ||| READING scroll labelled RUEVAI FEXUUM.
  5725 | D:5      | 5725 ||| DRINKING 2 brown potions.
  5762 | D:6      | 5762 ||| INVOKING Spit Poison.
  5782 | D:6      | 5782 ||| STAIRDANCE
  5851 | D:6      | Found an ornate altar of the Wu Jian Council.
  5858 | D:6      | 5858 ||| SWAPPING to +0 orcbow.
  5859 | D:6      | 5859 ||| DROPPING +0 shortbow.
  5890 | D:6      | 5890 ||| INVOKING Spit Poison.
  5981 | D:6      | Found a blossoming altar of Fedhas.
  5982 | D:6      | 5982 ||| INVOKING Spit Poison.
  6040 | D:6      | 6040 ||| INVOKING Spit Poison.
  6049 | D:6      | 6049 ||| INVOKING Spit Poison.
  6062 | D:6      | Found an iron altar of Okawaru.
  6063 | D:6      | 6063 ||| PLANNING OKAWARU WORSHIP
  6063 | D:6      | 6063 ||| DRINKING 2 fuming black potions.
  6063 | D:6      | Gained mutation: You are weak. (Str -2) [potion of
                  | mutation]
  6063 | D:6      | Gained mutation: You have hidden genetic defects. [potion
                  | of mutation]
  6063 | D:6      | Gained mutation: You have a pair of small horns on your
                  | head. [potion of mutation]
  6064 | D:6      | 6064 ||| DROPPING +1 helmet.
  6071 | D:6      | Became a worshipper of Warmaster Okawaru
  6071 | D:6      | 6071 ||| PLANNING D:1-11
  6104 | D:6      | 6104 ||| STAIRDANCE
  6188 | D:6      | 6188 ||| INVOKING Spit Poison.
  6337 | D:6      | 6337 ||| INVOKING Spit Poison.
  6341 | D:6      | Reached skill level 9 in Ranged Weapons
  6728 | D:6      | 6728 ||| STAIRDANCE
  6837 | D:7      | 6837 ||| INVOKING Spit Poison.
  6843 | D:7      | 6843 ||| STAIRDANCE
  6868 | D:7      | 6868 ||| INVOKING Spit Poison.
  6871 | D:7      | 6871 ||| STAIRDANCE
  6873 | D:6      | 6873 ||| INVOKING Spit Poison.
  6877 | D:6      | HP: 7/74 [orc priest/divine providence (14)]
  6878 | D:6      | 6878 ||| DRINKING potion of heal wounds.
  6879 | D:6      | 6879 ||| INVOKING Spit Poison.
  6896 | D:6      | Gained mutation: Your magical capacity is low. (-10% MP)
                  | [hidden defects]
  7078 | D:7      | Noticed a hornet
  7079 | D:7      | 7079 ||| INVOKING Spit Poison.
  7084 | D:7      | 7084 ||| INVOKING Spit Poison.
  7085 | D:7      | Killed a hornet
  7086 | D:7      | Reached skill level 6 in Fighting
  7086 | D:7      | HP: 7/78 [steam dragon] (17)]
  7086 | D:7      | Slain by a steam dragon

Levels and vault maps discovered:
D:1:      dpeg_arrival_circle_labyrinth_c, layout_basic, minmay_hexomino_c4
D:2:      layout_basic
D:3:      layout_loops_cross, nicolae_qazlal_scattered_showers,
          lemuel_tele_altar, serial_co_window_serial, co_window_corner_a,
          co_window_of_opportunity_a, co_window_of_opportunity_a,
          co_window_corner_a, co_window_of_opportunity_a, co_window_corner_b,
          co_window_cross_4, co_window_corner_cb, co_window_corner_cb,
          co_window_cross_3
D:4:      minmay_spotlight, layout_loops_ring,
          minmay_a_box_with_orc_wizards_in_it
D:5:      layout_cave_pods, lemuel_doored_altar, xom_redecorated,
          nicolae_overflow_hidden_temple, minmay_misc_feat_plants,
          minmay_manual_maat
D:6:      layout_loops_corners, nicolae_wu_jian_glorious_leap,
          fedhas_bush_and_centaur_altar, lemuel_round_altar
D:7:      layout_cave_pools, mainiacjoe_overflow_cross_hatched,
          gammafunk_temple_overflow_elements, minmay_temple_entry_nine_rooms,
          uniq_duvessa

Skill      XL: |  1  2  3  4  5  6  7  8 |
---------------+-------------------------+-----
Ranged Weapons | 4 5 6 8 9 |  9.1
Fighting       | 3 4 6 |  6.5
Dodging        | 2 |  2.0
Stealth        | |  1.5

Action                     |  1- 3 |  4- 6 |  7- 9 || total
---------------------------+-------+-------+-------++-------
   Fire: Shortbow          |    75 |   100 |   100 ||   275
         Orcbow            |       |       |    49 ||    49
Ability: Spit Poison       |    29 |    27 |    25 ||    81
    Use: Scroll            |     7 |     3 |     3 ||    13
         Potion            |     2 |     3 |     3 ||     8
 Armour: Leather armour    |    12 |    13 |    26 ||    51
  Dodge: Dodged            |    30 |    28 |    63 ||   121

Table legend:
 A = Non-vault XP
 B = Vault XP
 C = Vault XP percentage of total XP
 D = Non-vault monster count
 E = Vault monster count
 F = Vault count percentage of total count
                 A         B        C        D         E       F
            +---------+---------+-------+---------+---------+-------
      Total |    2056 |     290 |  12.4 |      94 |      18 |  16.1
            +---------+---------+-------+---------+---------+-------
        D:1 |      31 |      11 |  26.2 |      15 |       7 |  31.8
        D:2 |      26 |       0 |   0.0 |       9 |       0 |   0.0
        D:3 |     154 |       0 |   0.0 |      21 |       0 |   0.0
        D:4 |     278 |     111 |  28.5 |      19 |       6 |  24.0
        D:5 |     648 |      60 |   8.5 |      13 |       4 |  23.5
        D:6 |     624 |     108 |  14.8 |      15 |       1 |   6.2
        D:7 |     295 |       0 |   0.0 |       2 |       0 |   0.0
            +---------+---------+-------+---------+---------+-------
